 Dungeon Crawl Stone Soup version 0.28.0-47-ge53b351184 (webtiles) character file.

Game seed: 6824331472242274832

2605 101zpm the Thaumaturge (level 9, 0/55 HPs)
             Began as a Djinni Fire Elementalist on May 4, 2022.
             Slain by an unseen horror (2 damage)
             ... on level 7 of the Dungeon.
             The game lasted 00:17:49 (11087 turns).

101zpm the Thaumaturge (Djinni Fire Elementalist)  Turns: 11087, Time: 00:17:50

Health: 0/55       AC:  2    Str:  7    XL:     9   Next: 90%
Gold:   168        EV: 12    Int: 20    God:
                   SH:  0    Dex: 15

rFire   + + .      SeeInvis .   g - +2 spear (venom)
rCold   x . .      Faith    .   (no shield)
rNeg    . . .      Spirit   .   a - +0 robe
rPois   ∞          Reflect  .   (no helmet)
rElec   .          Harm     .   (no cloak)
rCorr   .          Rampage  .   (no gloves)
Will    .....                   (boots unavailable)
Stlth   +++.......              (no amulet)
HPRegen 0.18/turn               (no ring)
MPRegen 0.00/turn               (no ring)

@: flying
A: sickness immunity, fire resistance 2, cold vulnerability 1, float, innate
caster, HP casting, extra vitality 1
a: no special abilities


You were on level 7 of the Dungeon.
You visited 1 branch of the dungeon, and saw 7 of its levels.

You collected 266 gold pieces.
You spent 98 gold pieces at shops.

Inventory:

Hand Weapons
 g - a +2 spear of venom (weapon)
Missiles
 x - 2 throwing nets
Armour
 a - a +0 robe (worn)
 b - the +4 chain mail "Wanliw" {Dex+2}
   (You found it on level 2 of the Dungeon)

   Dex:       It affects your dexterity (+2).
 s - the +1 ring mail of Joal {Int+2}
   (You found it on level 4 of the Dungeon)

   Int:       It affects your intelligence (+2).
Jewellery
 e - an amulet of the acrobat
 j - a +4 ring of protection
 t - a ring of resist corrosion
 y - a +4 ring of protection
 A - a +6 ring of intelligence
Scrolls
 f - 7 scrolls of identify
 i - 2 scrolls of vulnerability {unknown}
 l - a scroll of enchant armour {unknown}
 m - a scroll of summoning
 n - a scroll of noise {unknown}
 o - 6 scrolls of teleportation {unknown}
 p - a scroll of blinking {unknown}
 q - a scroll of fog {unknown}
 u - a scroll of enchant weapon {unknown}
Potions
 c - 5 potions of curing
 d - 2 potions of mutation {unknown}
 h - a potion of ambrosia {unknown}
 k - 5 potions of degeneration {unknown}
 r - a potion of heal wounds {unknown}
 v - 2 potions of haste {unknown}
 w - a potion of lignification {unknown}
 z - a potion of attraction {unknown}


   Skills:
 + Level 0.2 Fighting
 + Level 2.6 Dodging
 + Level 4.1 Stealth
 + Level 9.5 Spellcasting


You had 4 spell levels left.
You knew the following spells:

 Your Spells              Type           Power      Damage    Failure   Level
a - Foxfire               Conj/Fire      100%       2x1d9     1%          1
b - Scorch                Fire           94%        2d10      1%          2
c - Conjure Flame         Conj/Fire      47%        6-21      1%          3
d - Inner Flame           Hex/Fire       47%        N/A       1%          3
e - Flame Wave            Conj/Fire      47%        2d10      1%          4
f - Magic Dart            Conj           100%       1d8       1%          1
g - Wereblood             Tmut           47%        N/A       1%          2
h - Stone Arrow           Conj/Erth      94%        3d12      1%          3
i - Dispel Undead         Necr           47%        3d18      1%          4
Your spell library was empty.

Dungeon Overview and Level Annotations

Branches:
Dungeon (7/15)             Temple (0/1) D:5

Altars:
Dithmenos
Makhleb
Vehumet
Zin

Shops:
D:2 *


Innate Abilities, Weirdness & Mutations

You are immune to sickness and miasma.
You are immune to poison.
Your flesh is very heat resistant. (rF++)
You are vulnerable to cold. (rC-)
You float through the air rather than walking.
You learn spells naturally, not from books.
Your magical power is your life essence.
You have superior vitality. (+4 MHP)


Message History

Press: ? - help, Q - select action, (/) - cycle Dir - look around, f - activate You conjure some foxfire!
The foxfire hits the white imp!
The white imp is burned terribly!
The white imp explodes!
You are too injured to fight recklessly!
You start resting.
Your foxfire dissipates!
You start resting.
Your foxfire dissipates!
You start resting.
There is a strange disturbance nearby!
Casting: Foxfire (safe; 1% risk of failure)
Press: ? - help, Q - select action, (/) - cycle Dir - look around, f - activate You conjure some foxfire!
Casting: Foxfire (safe; 1% risk of failure)
Press: ? - help, Q - select action, (/) - cycle Dir - look around, f - activate You conjure some foxfire!
The foxfire hits something. x2; Something hits you!
Deactivating autopickup; reactivate with Ctrl-A.
Casting: Foxfire (safe; 1% risk of failure)
Confirm with . or Enter, or press ? or * to list all spells.
Flames lash something.
The foxfire hits something.
Something hits you!
The foxfire hits something.
Something hits you.
* * * LOW HITPOINT WARNING * * *
Casting: Scorch (safe; 1% risk of failure)
Confirm with . or Enter, or press ? or * to list all spells.
Flames lash something.
* * * LOW HITPOINT WARNING * * *
You hear an angry hiss.
Something hits you!
* * * LOW HITPOINT WARNING * * *
Casting: Scorch (safe; 1% risk of failure)
Confirm with . or Enter, or press ? or * to list all spells.
Okay, then.
Casting: Foxfire (safe; 1% risk of failure)
Press: ? - help, Q - select action, (/) - cycle Dir - look around, f - activate You conjure some foxfire!
* * * LOW HITPOINT WARNING * * *
Something hits you.
You die...

#.....# # #.....# ####### .#
#.....####.....########.####.
#.....#..'...................
#.....#.##)..........<#
#.....#..'............#
#.....#.##.........#....#
#.....'.......v##'########
#.....#.###...@..........#
###)....#.#....v{..........#
.))..)..#.#.#####..........#
###>....#.#.###.v..........##
#
#######>......§.<.....)..)oK.
# ........#........o.###. #
###.####........K.# #
#........)... #..............


There were no monsters in sight!

Vanquished Creatures
  A kobold demonologist (D:7)
  Sigmund (D:4)
  A wyvern (D:7)
  A vampire mosquito (D:7)
  Duvessa (D:4)
  2 ice beasts (D:7)
  A hornet zombie (D:7)
  A sky beast (D:7)
  A necrophage (D:6)
  3 centaurs (D:7)
  An ogre (D:5)
  A kobold brigand (D:6)
  A scorpion (D:5)
  A gnoll sergeant (D:6)
  A water moccasin zombie (D:5)
  Dowan (D:4)
  4 wights (D:7)
  2 hounds
  2 jellies
  A bullfrog zombie (D:6)
  2 gnoll shamans
  An iguana (D:7)
  A centaur skeleton (D:7)
  An orc wizard (D:4)
  Natasha (thrice) (D:2)
  A hound skeleton (D:5)
  2 adders
  11 gnolls
  2 white imps
  2 ufetubi
  A worm (D:3)
  4 dart slugs
  12 orcs
  4 ball pythons
  4 endoplasms
  4 giant cockroaches
  7 goblins
  6 hobgoblins
  2 quokkas
  A bat (D:3)
  3 frilled lizards
  8 kobolds
  2 rats
112 creatures vanquished.

Vanquished Creatures (others)
  668 foxfires
668 creatures vanquished.

Grand Total: 780 creatures vanquished

Notes
Turn   | Place    | Note
-------+----------+-------------------------------------------
     0 | D:1      | 101zpm the Djinni Fire Elementalist began the quest for the
                  | Orb.
     0 | D:1      | Reached XP level 1. HP: 15/15 MP: 0/0
   145 | D:2      | Identified the +4 chain mail "Wanliw" {Dex+2}
   520 | D:2      | Reached XP level 2. HP: 18/21 MP: 0/0
   785 | D:2      | Reached skill level 3 in Spellcasting
   785 | D:2      | Reached XP level 3. HP: 16/25 MP: 0/0
   785 | D:2      | Learned a level 1 spell: Magic Dart
   926 | D:2      | Found a faded altar of an unknown god.
  1439 | D:2      | Noticed Natasha
  1443 | D:2      | Killed Natasha
  1444 | D:2      | Reached XP level 4. HP: 22/31 MP: 0/0
  1452 | D:2      | Noticed Natasha
  1457 | D:2      | Killed Natasha
  1695 | D:2      | Noticed Natasha
  1700 | D:2      | Killed Natasha
  1701 | D:2      | Reached XP level 5. HP: 27/35 MP: 0/0
  1701 | D:2      | Learned a level 2 spell: Wereblood
  1838 | D:2      | Reached skill level 4 in Spellcasting
  2031 | D:2      | Found Qonogarr's General Store.
  2043 | D:2      | Bought a potion of curing for 42 gold pieces
  2043 | D:2      | Bought a scroll of identify for 28 gold pieces
  2043 | D:2      | Bought a scroll of identify for 28 gold pieces
  3742 | D:3      | Found a shadowy altar of Dithmenos.
  3900 | D:3      | Found a faded altar of an unknown god.
  4099 | D:3      | Found a glowing silver altar of Zin.
  5146 | D:4      | Noticed Duvessa
  5146 | D:4      | Noticed Dowan
  5155 | D:4      | Killed Duvessa
  5156 | D:4      | Reached XP level 6. HP: 10/40 MP: 0/0
  5178 | D:4      | Reached skill level 5 in Spellcasting
  5675 | D:4      | Noticed Sigmund
  5679 | D:4      | Killed Sigmund
  5680 | D:4      | Reached XP level 7. HP: 39/45 MP: 0/0
  5680 | D:4      | Learned a level 3 spell: Stone Arrow
  5905 | D:4      | Identified the +1 ring mail of Joal {Int+2}
  5987 | D:4      | Killed Dowan
  6518 | D:4      | Reached skill level 6 in Spellcasting
  6997 | D:5      | Entered Level 5 of the Dungeon
  7198 | D:5      | Reached XP level 8. HP: 44/50 MP: 0/0
  7441 | D:5      | Found a staircase to the Ecumenical Temple.
  8689 | D:6      | Reached skill level 7 in Spellcasting
  9368 | D:6      | Found a burning altar of Makhleb.
 10041 | D:7      | Reached skill level 8 in Spellcasting
 10041 | D:7      | Reached XP level 9. HP: 39/55 MP: 0/0
 10041 | D:7      | Learned a level 4 spell: Dispel Undead
 10049 | D:7      | Noticed a kobold demonologist
 10468 | D:7      | Killed a kobold demonologist
 10469 | D:7      | Reached skill level 9 in Spellcasting
 11086 | D:7      | HP: 2/55 [something (9)]
 11087 | D:7      | Slain by an unseen horror

Illustrated notes

Levels and vault maps discovered:
D:1:      lemuel_arrival_cross, layout_basic, serial_shops, shop,
          wad_floor_pattern_2
D:2:      layout_loops_ring, serial_shops, shop, ebering_ecumenical_altar_webs,
          uniq_natasha
D:3:      kb_forest_paths, layout_basic, nicolae_dithmenos_shadow_blocks,
          nicolae_overflow_ecumenical_swirl, minmay_cupped
D:4:      layout_basic, grunt_decor_arrowhead, amcnicky_mini_pool_small,
          uniq_sigmund, uniq_duvessa
D:5:      layout_basic, minmay_temple_entry_waves
D:6:      layout_basic, bloody_makhleb, mainiacjoe_overflow_brackets
D:7:      layout_basic, minmay_manual_monolith, uniq_pikel

Skill      XL: |  1  2  3  4  5  6  7  8  9 |
---------------+----------------------------+-----
Spellcasting   | 3 4 5 6 8 9 |  9.5
Stealth        | 2 3 4 |  4.1
Fighting       | |  0.2
Dodging        | |  2.6

Action                   |  1- 3 |  4- 6 |  7- 9 || total
-------------------------+-------+-------+-------++-------
 Cast: Foxfire           |    61 |   142 |   207 ||   410
       Scorch            |     5 |     9 |    22 ||    36
       Inner Flame       |     3 |    36 |    60 ||    99
       Wereblood         |       |     2 |     1 ||     3
       Stone Arrow       |       |       |     1 ||     1
Armor: Robe              |       |     1 |     1 ||     2
Dodge: Dodged            |     1 |     6 |     6 ||    13
